[Event "ICC tourney 2500 (45 10)"]
[Site "Internet Chess Club"]
[Date "2021.04.10"]
[Round "1"]
[White "BRUDNO, STEPHEN:StevChess01"]
[Black "ATLURI, PRATHIK:ChessStar22"]
[Result "1-0"]
[ICCResult "Black checkmated"]
[WhiteElo "1661"]
[BlackElo "1379"]
[Opening "QGD Slav: 4.Nc3"]
[ECO "D15"]
[NIC "SL.03"]
[Time "11:02:24"]
[PlyCount "121"]
[TimeControl "2700+10"]

1. d4 c6 2. c4 d5 3. Nf3 Nf6 4. Nc3 Bf5 5. Qb3 Bc8 6. Bg5 e6 7. e3 h6 8.
Bh4 Be7 9. Qc2 Nh5 10. Bxe7 Qxe7 11. cxd5 exd5 12. Nxd5 cxd5 13. Qxc8+ Qd8
14. Bb5+ Nc6 15. Bxc6+ bxc6 16. Qxc6+ Ke7 17. Qc5+ Qd6 18. Qxd6+ Kxd6 19.
O-O g5 20. Rfc1 Rhc8 21. Ne5 Ke7 22. Nd3 Nf6 23. f3 Nd7 24. Kf2 Nb6 25. b3
Nd7 26. Rxc8 Rxc8 27. Rc1 Ra8 28. Ke2 f6 29. Kd2 a5 30. Nc5 Nxc5 31. Rxc5
Kd6 32. Kc3 Ra6 33. a3 Rc6 34. Rxc6+ Kxc6 35. b4 a4 36. e4 h5 37. Kd3 Kd6
38. h3 h4 39. Kc3 Kc6 40. e5 f5 41. Kd3 f4 42. Kc3 Kc7 43. b5 Kd8 44. Kb4
Kc7 45. Kc5 Kd7 46. Kxd5 Ke7 47. b6 Kd7 48. b7 Kc7 49. e6 Kxb7 50. e7 g4
51. fxg4 f3 52. gxf3 Kc7 53. e8=Q Kb6 54. Qe6+ Ka5 55. Qe7 Kb6 56. Qc5+ Kb7
57. Kd6 Kb8 58. Qb6+ Ka8 59. Qb5 Ka7 60. Kc7 Ka8 61. Qa5# { Black
checkmated } 1-0

[Event "ICC tourney 2500 (45 10)"]
[Site "Internet Chess Club"]
[Date "2021.04.10"]
[Round "1"]
[White "CHENG, ERIC:EricCheng-131"]
[Black "AYYAPPAN, SANTHOSH:SanthoshA"]
[Result "1/2-1/2"]
[ICCResult "Game drawn by mutual agreement"]
[WhiteElo "1383"]
[BlackElo "1661"]
[Opening "Giuoco Piano"]
[ECO "C54"]
[NIC "IG.02"]
[Time "11:02:31"]
[PlyCount "81"]
[TimeControl "2700+10"]

1. e4 e5 2. Nf3 Nc6 3. Bc4 Bc5 4. c3 Nf6 5. d4 exd4 6. cxd4 Bb4+ 7. Bd2
Nxe4 8. Bxb4 Nxb4 9. Bxf7+ Kxf7 10. Qb3+ d5 11. Qxb4 Re8 12. O-O Qe7 13.
Qxe7+ Rxe7 14. Ne5+ Kg8 15. f3 Nd6 16. Nc3 c6 17. Rfe1 Be6 18. Ne2 Rae8 19.
Nf4 Nf7 20. Nxf7 Bxf7 21. Kf2 Rxe1 22. Rxe1 Rxe1 23. Kxe1 Kf8 24. Kd2 Ke7
25. Kc3 Kd6 26. Kb4 b6 27. Nd3 a5+ 28. Ka4 Be8 29. Kb3 c5 30. Kc3 Bb5 31.
Ne5 Bf1 32. g3 b5 33. Nf7+ Ke7 34. Ne5 b4+ 35. Kd2 cxd4 36. Nc6+ Kd6 37.
Nxd4 g6 38. a3 bxa3 39. bxa3 Bc4 40. f4 h5 41. Kc2 { Game drawn by mutual
agreement } 1/2-1/2

[Event "ICC tourney 2500 (45 10)"]
[Site "Internet Chess Club"]
[Date "2021.04.10"]
[Round "1"]
[White "HEBBAR, ESHAAN:solveur"]
[Black "DURANKO, GARY:gduranko"]
[Result "1-0"]
[ICCResult "Black resigns"]
[WhiteElo "1680"]
[BlackElo "1412"]
[Opening "Nimzo-Indian: three knights variation"]
[ECO "E21"]
[NIC "NI.26"]
[Time "11:02:25"]
[PlyCount "63"]
[TimeControl "2700+10"]

1. d4 Nf6 2. c4 e6 3. Nf3 Bb4+ 4. Nc3 b6 5. g3 Bxc3+ 6. bxc3 Ba6 7. Qb3 Nc6
8. Qa4 Na5 9. Ba3 Bxc4 10. Bb4 Nc6 11. Ne5 Bd5 12. f3 Nxb4 13. Qxb4 Qe7 14.
e4 Qxb4 15. cxb4 Bb7 16. Rc1 Rc8 17. a4 O-O 18. g4 h6 19. h4 Rfd8 20. g5
hxg5 21. hxg5 Ne8 22. Bh3 f6 23. gxf6 Nxf6 24. Rg1 Nh5 25. Rg4 Rf8 26. Ng6
Rf7 27. Rh4 Kh7 28. Ne5 Rxf3 29. Rxh5+ Kg8 30. Nxf3 Bxe4 31. Ne5 Bd5 32.
Nxd7 { Black resigns } 1-0

[Event "ICC tourney 2500 (45 10)"]
[Site "Internet Chess Club"]
[Date "2021.04.10"]
[Round "1"]
[White "TANG, VINCENT:VincentT2008"]
[Black "RAMESH, ANIRUDH:anirudhramesh03"]
[Result "0-1"]
[ICCResult "White resigns"]
[WhiteElo "1744"]
[BlackElo "1561"]
[Opening "Nimzo-Indian: classical variation"]
[ECO "E32"]
[NIC "NI.24"]
[Time "11:02:13"]
[PlyCount "60"]
[TimeControl "2700+10"]

1. d4 Nf6 2. c4 e6 3. Nc3 Bb4 4. Qc2 O-O 5. a3 Be7 6. Bg5 h6 7. Bh4 Nc6 8.
e3 b6 9. Bd3 g6 10. Bxg6 fxg6 11. Qxg6+ Kh8 12. Qxh6+ Nh7 13. Bxe7 Qxe7 14.
Nf3 Qg7 15. Qh3 d6 16. O-O-O Bd7 17. Ne4 e5 18. Qh5 Bg4 19. Qh4 exd4 20.
exd4 Bxf3 21. gxf3 Nxd4 22. Qh5 Nxf3 23. Rd3 Qe5 24. Qxe5+ Nxe5 25. Rh3 Rf3
26. Rh4 Nd3+ 27. Kc2 Nxf2 28. Rf1 Rh3 29. Rxh3 Nxh3 30. Rf3 N7g5 { White
resigns } 0-1

[Event "ICC tourney 2500 (45 10)"]
[Site "Internet Chess Club"]
[Date "2021.04.10"]
[Round "1"]
[White "Xiao, Michael:michaelxiao"]
[Black "YU, ADRIAN:chessmonkey05"]
[Result "0-1"]
[ICCResult "White checkmated"]
[WhiteElo "1272"]
[BlackElo "1617"]
[Opening "Giuoco Piano: four knights variation"]
[ECO "C50"]
[NIC "IG.02"]
[Time "11:02:31"]
[PlyCount "44"]
[TimeControl "2700+10"]

1. e4 e5 2. Nf3 Nc6 3. Bc4 Bc5 4. Nc3 Nf6 5. O-O d6 6. a3 Bg4 7. b4 Bd4 8.
h3 Bh5 9. Re1 Qd7 10. Rb1 g5 11. Be2 Bxf3 12. Bxf3 h5 13. Nd5 Nxd5 14. exd5
Ne7 15. Bxh5 Nxd5 16. Qf3 Qe6 17. Bg4 f5 18. Bxf5 Qf7 19. Bg6 Qxg6 20. Qxd5
g4 21. hxg4 Qh6 22. Qxd4 Qh1# { White checkmated } 0-1

[Event "ICC tourney 2500 (45 10)"]
[Site "Internet Chess Club"]
[Date "2021.04.10"]
[Round "1"]
[White "GAUDEAU, ALAIN D H:attalone"]
[Black "SKARIAH, ANUSHKA ELIZABETH:kskariah"]
[Result "1/2-1/2"]
[ICCResult "Game drawn by repetition"]
[WhiteElo "1650"]
[BlackElo "1352"]
[Opening "QGD: Cambridge Springs defense"]
[ECO "D52"]
[NIC "QO.15"]
[Time "11:02:15"]
[PlyCount "64"]
[TimeControl "2700+10"]

1. d4 d5 2. c4 e6 3. Nc3 c6 4. Nf3 Nf6 5. Bg5 Nbd7 6. e3 Qa5 7. Bh4 Bb4 8.
Qc2 Ne4 9. Rc1 Qxa2 10. Bd3 Nxc3 11. bxc3 Qxc2 12. Rxc2 Bd6 13. cxd5 exd5
14. O-O Nb6 15. Rfc1 Be6 16. Bg3 Bxg3 17. hxg3 f6 18. Nd2 Bf7 19. c4 Bg6
20. Bxg6+ hxg6 21. cxd5 Nxd5 22. Nb3 Ke7 23. Nc5 Rab8 24. Rb2 Nb6 25. Ra1
Ra8 26. Nxb7 Rhb8 27. Nc5 Rc8 28. Rba2 Rc7 29. Na6 Rd7 30. Nc5 Rc7 31. Na6
Rd7 32. Nc5 Rc7 { Game drawn by repetition } 1/2-1/2

[Event "ICC tourney 2500 (45 10)"]
[Site "Internet Chess Club"]
[Date "2021.04.10"]
[Round "1"]
[White "Jang, Jia-Syuan Eric:tricksterssbu"]
[Black "PATEL, SOHAM:SPBrain"]
[Result "0-1"]
[ICCResult "White resigns"]
[WhiteElo "1594"]
[BlackElo "1248"]
[Opening "Sicilian: Pelikan (Lasker/Sveshnikov) variation"]
[ECO "B33"]
[NIC "SI.35"]
[Time "11:02:29"]
[PlyCount "54"]
[TimeControl "2700+10"]

1. e4 c5 2. Nf3 Nc6 3. d4 cxd4 4. Nxd4 Nf6 5. Nc3 e5 6. Nb3 Bb4 7. f3 O-O
8. Be3 d5 9. exd5 Nxd5 10. Qd2 Nxc3 11. bxc3 Qxd2+ 12. Bxd2 Be7 13. O-O-O
Rd8 14. Bd3 Be6 15. f4 f6 16. h3 Rac8 17. Rhe1 a5 18. a4 Bxb3 19. cxb3 Rxd3
20. Kc2 Rcd8 21. fxe5 Nxe5 22. Be3 Rxd1 23. Rxd1 Rxd1 24. Kxd1 Kf7 25. Bb6
Nc6 26. Ke2 Ke6 27. Kd3 Kd5 { White resigns } 0-1

[Event "ICC tourney 2500 (45 10)"]
[Site "Internet Chess Club"]
[Date "2021.04.10"]
[Round "1"]
[White "THOMAS, MICHAEL G:chesslin"]
[Black "WU, JONATHAN ZUANXU:wulovechess"]
[Result "0-1"]
[ICCResult "White resigns"]
[WhiteElo "1723"]
[BlackElo "1511"]
[Opening "Queen's pawn, Mason variation"]
[ECO "D00"]
[NIC "QP.08"]
[Time "11:02:28"]
[PlyCount "50"]
[TimeControl "2700+10"]

1. d4 d5 2. Bf4 Nf6 3. e3 Bf5 4. c4 e6 5. Nc3 c5 6. cxd5 cxd4 7. Qxd4 Nbd7
8. e4 Bc5 9. Qa4 Bg6 10. dxe6 fxe6 11. O-O-O O-O 12. Bg3 a6 13. Qb3 Qe7 14.
e5 Ng4 15. Bc4 Nxf2 16. Nf3 Nxd1 17. Rxd1 Be3+ 18. Nd2 Nc5 19. Qa3 Rad8 20.
Nb1 Bxb1 21. Qxe3 Bd3 22. b4 Bxc4 23. Nxc4 Rxd1+ 24. Kxd1 Qd7+ 25. Nd6 Qa4+
{ White resigns } 0-1

[Event "ICC tourney 2500 (45 10)"]
[Site "Internet Chess Club"]
[Date "2021.04.10"]
[Round "1"]
[White "JIN, DAVID:smartgoldfish"]
[Black "TREUSDELL, ROSS G:IveDoneEnough"]
[Result "1/2-1/2"]
[ICCResult "Game drawn by mutual agreement"]
[WhiteElo "1330"]
[BlackElo "1649"]
[Opening "Sicilian: Sozin, Leonhardt variation"]
[ECO "B88"]
[NIC "SI.26"]
[Time "11:02:15"]
[PlyCount "87"]
[TimeControl "2700+10"]

1. e4 c5 2. Nf3 Nc6 3. d4 cxd4 4. Nxd4 Nf6 5. Nc3 d6 6. Bc4 e6 7. Bb3 a6 8.
O-O Qc7 9. a4 Be7 10. Be3 Na5 11. Ba2 Nc4 12. Bxc4 Qxc4 13. Qd2 O-O 14. f4
d5 15. e5 Nd7 16. Qf2 Bb4 17. Na2 Ba5 18. c3 Nc5 19. b3 Nxb3 20. Nxb3 Qxb3
21. Rfb1 Qc4 22. Bc5 Rd8 23. Bd4 Bc7 24. Nb4 Bd7 25. Qg3 a5 26. Nd3 b5 27.
Nb2 Qe2 28. axb5 Bxb5 29. Qg5 h6 30. Qh4 Rdb8 31. Qh3 Bb6 32. f5 Bxd4+ 33.
cxd4 Qe4 34. fxe6 Qxd4+ 35. Kh1 Qxe5 36. exf7+ Kxf7 37. Re1 Qxb2 38. Qe6+
Kf8 39. Rf1+ Bxf1 40. Rxf1+ Qf6 41. Rxf6+ gxf6 42. Qxf6+ Ke8 43. Qe6+ Kd8
44. Qd6+ { Game drawn by mutual agreement } 1/2-1/2

[Event "ICC tourney 2500 (45 10)"]
[Site "Internet Chess Club"]
[Date "2021.04.10"]
[Round "1"]
[White "PAN, CHRIS:Chris0708"]
[Black "JOHNSTON, DAVID T:waylander11"]
[Result "0-1"]
[ICCResult "White resigns"]
[WhiteElo "1354"]
[BlackElo "1661"]
[Opening "Sicilian: Hungarian variation"]
[ECO "B27"]
[NIC "SI.43"]
[Time "11:03:08"]
[PlyCount "98"]
[TimeControl "2700+10"]

1. e4 c5 2. Nf3 g6 3. d4 cxd4 4. Nxd4 Bg7 5. Be3 Nc6 6. Nxc6 bxc6 7. c3 Nf6
8. Nd2 O-O 9. Bc4 d5 10. exd5 cxd5 11. Bb3 Ba6 12. c4 d4 13. Bf4 Nh5 14.
Qf3 e5 15. Bg3 Qa5 16. Rd1 e4 17. Qe2 e3 18. fxe3 dxe3 19. O-O Nxg3 20.
hxg3 exd2 21. Rxd2 Qc5+ 22. Qf2 Qxf2+ 23. Rfxf2 Rad8 24. Kh1 Rfe8 25. c5
Rxd2 26. Rxd2 Bc8 27. Rf2 Be6 28. Re2 Kf8 29. Bxe6 Rxe6 30. Rxe6 fxe6 31.
b4 Ke7 32. Kg1 Bd4+ 33. Kf1 Kd7 34. Ke2 Kc6 35. Kd3 e5 36. g4 Kb5 37. a3 a5
38. g3 axb4 39. axb4 Bf2 40. Ke4 Bxg3 41. Kf3 Bf4 42. Ke4 Kc6 43. Kf3 Kd5
44. Ke2 e4 45. Kf2 Kc4 46. c6 Kxb4 47. g5 Kc5 48. c7 Bxc7 49. Ke3 Kd5 {
White resigns } 0-1

[Event "ICC tourney 2500 (45 10)"]
[Site "Internet Chess Club"]
[Date "2021.04.10"]
[Round "1"]
[White "POLYAKIN, VLADIMIR:IAlwaysWin"]
[Black "KONG, MILO JAMES:therealkingkong"]
[Result "1-0"]
[ICCResult "Black checkmated"]
[WhiteElo "1879"]
[BlackElo "1589"]
[Opening "Réti opening"]
[ECO "A11"]
[NIC "QP.09"]
[Time "11:02:30"]
[PlyCount "93"]
[TimeControl "2700+10"]

1. Nf3 d5 2. c4 c6 3. e3 Bf5 4. cxd5 cxd5 5. Bb5+ Nc6 6. Ne5 Bd7 7. Nxd7
Qxd7 8. O-O Nf6 9. Nc3 e6 10. d4 Bb4 11. Bd2 O-O 12. Rc1 Rac8 13. a3 Bd6
14. Qf3 a6 15. Bd3 Bc7 16. b4 e5 17. Bf5 Qd6 18. Bxc8 exd4 19. Qh3 dxc3 20.
Bxc3 b5 21. Bxf6 Qxf6 22. Qd7 Qe5 23. g3 Qh5 24. Qxc6 Rxc8 25. Qd7 Rd8 26.
Qxc7 Qg5 27. Qf4 Qxf4 28. gxf4 h6 29. Rfd1 Kh7 30. Rc5 Kg6 31. Rdxd5 Rxd5
32. Rxd5 Kf6 33. Rd6+ Kf5 34. Rxa6 g5 35. fxg5 hxg5 36. Rb6 Ke4 37. Rxb5
Kf3 38. Rxg5 Ke2 39. Rf5 Ke1 40. Rxf7 Ke2 41. b5 Ke1 42. b6 Ke2 43. b7 Ke1
44. b8=Q Ke2 45. Qb1 Kd2 46. Rd7+ Ke2 47. Qd1# { Black checkmated } 1-0

[Event "ICC tourney 2500 (45 10)"]
[Site "Internet Chess Club"]
[Date "2021.04.10"]
[Round "1"]
[White "VALE CRUZ, ARMIN:trucker"]
[Black "LI, EMMA:BulbasaurMaster"]
[Result "1-0"]
[ICCResult "Black resigns"]
[WhiteElo "1664"]
[BlackElo "1390"]
[Opening "Ruy Lopez: modern Steinitz defense"]
[ECO "C74"]
[NIC "RL.11"]
[Time "11:02:26"]
[PlyCount "75"]
[TimeControl "2700+10"]

1. e4 e5 2. Nf3 Nc6 3. Bb5 a6 4. Ba4 d6 5. c3 Nf6 6. d3 Bg4 7. h3 Bh5 8.
Nbd2 Be7 9. O-O O-O 10. Re1 b5 11. Bc2 Re8 12. Nf1 d5 13. Ng3 dxe4 14. Nxh5
exf3 15. Qxf3 Qd6 16. Ng3 b4 17. Ba4 Nd5 18. Bxc6 Qxc6 19. c4 Rad8 20. Rxe5
Qf6 21. Rxd5 Rxd5 22. Qxd5 Bd6 23. Ne4 Qe5 24. Qxe5 Bxe5 25. Rb1 Rd8 26. f4
Bd6 27. Be3 a5 28. Kf2 Be7 29. d4 f5 30. Nd2 Bf6 31. Nf3 a4 32. g4 g6 33.
Rg1 b3 34. axb3 axb3 35. gxf5 Kf7 36. fxg6+ hxg6 37. Ne5+ Bxe5 38. fxe5 {
Black resigns } 1-0

[Event "ICC tourney 2500 (45 10)"]
[Site "Internet Chess Club"]
[Date "2021.04.10"]
[Round "1"]
[White "Aravindakshan, Sahana:TigerSahi"]
[Black "SOMPURAM, AKHIL:Beast908"]
[Result "1-0"]
[ICCResult "Black resigns"]
[WhiteElo "1626"]
[BlackElo "1305"]
[Opening "QGD: exchange, positional line"]
[ECO "D35"]
[NIC "QO.16"]
[Time "11:02:23"]
[PlyCount "51"]
[TimeControl "2700+10"]

1. d4 d5 2. c4 e6 3. Nc3 Nf6 4. cxd5 exd5 5. Bg5 Be7 6. e3 c6 7. Bd3 O-O 8.
Qc2 h6 9. Bh4 Re8 10. Nge2 Ne4 11. Bxe7 Qxe7 12. O-O Bf5 13. Bxe4 Bxe4 14.
Nxe4 Qxe4 15. Qb3 Qg4 16. Qxb7 Nd7 17. Nf4 Nb6 18. Qxc6 Rec8 19. Qb5 Qf5
20. Qd3 Qg4 21. Rac1 Rd8 22. Rc2 g5 23. Ne2 h5 24. Ng3 h4 25. Nf5 h3 26.
Nh6+ { Black resigns } 1-0

[Event "ICC tourney 2500 (45 10)"]
[Site "Internet Chess Club"]
[Date "2021.04.10"]
[Round "1"]
[White "XIONG, LANG:langlglang"]
[Black "BRAHMANAPALLY, SARVAGNYA:bsarvagnya"]
[Result "1-0"]
[ICCResult "Black resigns"]
[WhiteElo "1644"]
[BlackElo "1318"]
[Opening "Queen's pawn game, Chigorin variation"]
[ECO "D02"]
[NIC "QP.08"]
[Time "11:02:31"]
[PlyCount "47"]
[TimeControl "2700+10"]

1. d4 d5 2. Nf3 Nc6 3. c4 dxc4 4. d5 Nb8 5. e4 Bg4 6. Bxc4 Nd7 7. Qb3 b6 8.
Bf4 Nc5 9. Qe3 g6 10. Ne5 Bd7 11. d6 e6 12. dxc7 Qc8 13. Nc3 Bg7 14. b4 Nb7
15. Nxd7 Qxd7 16. Bb5 Bxc3+ 17. Qxc3 Qxb5 18. c8=Q+ Rxc8 19. Qxc8+ Nd8 20.
O-O-O Qc6+ 21. Qxc6+ Nxc6 22. b5 Nb4 23. a3 Na2+ 24. Kb2 { Black resigns }
1-0

[Event "ICC tourney 2500 (45 10)"]
[Site "Internet Chess Club"]
[Date "2021.04.10"]
[Round "1"]
[White "LIAO, CONNOR:che2468"]
[Black "Patel, Arav:APBrain"]
[Result "0-1"]
[ICCResult "White checkmated"]
[WhiteElo "1488"]
[BlackElo "1703"]
[Opening "Queen's pawn game"]
[ECO "D00"]
[NIC "QP.07"]
[Time "11:02:30"]
[PlyCount "110"]
[TimeControl "2700+10"]

1. d4 Nf6 2. Nc3 d5 3. Bf4 e6 4. a3 c6 5. e3 Bd6 6. Bg3 O-O 7. Bd3 Qc7 8.
Nf3 Nbd7 9. Bxd6 Qxd6 10. O-O e5 11. dxe5 Nxe5 12. Nxe5 Qxe5 13. Qf3 Bg4
14. Qg3 Qxg3 15. hxg3 Rfe8 16. f3 Bh5 17. e4 dxe4 18. Nxe4 Nxe4 19. Bxe4
Bg6 20. Bxg6 fxg6 21. Rfe1 Kf7 22. Kf2 Rxe1 23. Rxe1 Rd8 24. Ke2 Kf6 25.
Rd1 Rxd1 26. Kxd1 Kf5 27. Ke2 h5 28. c3 g5 29. a4 g4 30. Kf2 g5 31. b3 b5
32. axb5 cxb5 33. c4 bxc4 34. bxc4 a5 35. Ke2 gxf3+ 36. gxf3 h4 37. g4+ Ke6
38. f4 h3 39. Kf2 a4 40. f5+ Kd6 41. Kg3 a3 42. Kxh3 a2 43. Kg3 a1=Q 44.
Kf3 Qc3+ 45. Ke2 Qxc4+ 46. Ke3 Qxg4 47. f6 Qf4+ 48. Ke2 g4 49. Kd3 g3 50.
Kc3 g2 51. f7 g1=Q 52. f8=Q+ Qxf8 53. Kb3 Qc5 54. Kb2 Qb8+ 55. Ka2 Qa5# {
White checkmated } 0-1

[Event "ICC tourney 2500 (45 10)"]
[Site "Internet Chess Club"]
[Date "2021.04.10"]
[Round "1"]
[White "Xia, Joshua:MathMonkey"]
[Black "ZHANG, SUNNY:AboardBuffalo"]
[Result "0-1"]
[ICCResult "White checkmated"]
[WhiteElo "1411"]
[BlackElo "1669"]
[Opening "Ruy Lopez: 5.O-O"]
[ECO "C78"]
[NIC "RL.12"]
[Time "11:02:16"]
[PlyCount "132"]
[TimeControl "2700+10"]

1. e4 e5 2. Nf3 Nc6 3. Bb5 a6 4. Ba4 Nf6 5. O-O b5 6. Bb3 Bc5 7. c3 d6 8.
a4 Bb7 9. d4 Bb6 10. Bg5 h6 11. Bh4 O-O 12. Bd5 g5 13. dxe5 Nxd5 14. exd5
Nxe5 15. Bg3 Qf6 16. Nxe5 dxe5 17. Qe2 Rfe8 18. axb5 Bxd5 19. bxa6 Qc6 20.
Nd2 Bxg2 21. Rfe1 Bh3 22. Qe4 Qd7 23. Nc4 Qe6 24. Nxe5 f5 25. Qf3 f4 26.
Nd3 Qg6 27. Rxe8+ Rxe8 28. Nxf4 gxf4 29. Qxf4 Rf8 30. Qc4+ Be6 31. Qf1
Bxf2+ 32. Qxf2 Rxf2 33. Kxf2 Qc2+ 34. Kg1 Bd5 35. Bf2 Qxb2 36. Rd1 Qb3 37.
Ra1 Qxc3 38. Re1 Qf3 39. Kf1 Bc4+ 40. Kg1 Bxa6 41. Ra1 Bb7 42. Kf1 c5 43.
Rc1 c4 44. Ke1 Qh1+ 45. Kd2 Qxh2 46. Rg1+ Kh7 47. Ke1 Bf3 48. Rg3 Qh5 49.
Kd2 Qd5+ 50. Kc3 Qd3+ 51. Kb4 c3 52. Kb3 c2+ 53. Kb2 c1=Q+ 54. Kxc1 Qf1+
55. Kd2 Qxf2+ 56. Kd3 Qxg3 57. Kd4 Qe1 58. Kc5 Qd2 59. Kc4 h5 60. Kc5 h4
61. Kc4 h3 62. Kc5 h2 63. Kc4 h1=Q 64. Kc5 Qhc1+ 65. Kb5 Qdb2+ 66. Ka4
Qca1# { White checkmated } 0-1

[Event "ICC tourney 2500 (45 10)"]
[Site "Internet Chess Club"]
[Date "2021.04.10"]
[Round "1"]
[White "WANG, YUANZHE:yogokings12"]
[Black "FURMAN, MIKHAIL:mfurm"]
[Result "0-1"]
[ICCResult "White resigns"]
[WhiteElo "1592"]
[BlackElo "1897"]
[Opening "Sicilian: Scheveningen, Keres attack"]
[ECO "B81"]
[NIC "SI.20"]
[Time "11:02:16"]
[PlyCount "62"]
[TimeControl "2700+10"]

1. e4 c5 2. Nf3 e6 3. d4 cxd4 4. Nxd4 Nf6 5. Nc3 d6 6. g4 Nc6 7. g5 Nd7 8.
Ndb5 Nc5 9. Bf4 e5 10. Nd5 Ne6 11. Be3 Be7 12. Nxe7 Kxe7 13. Nc3 Re8 14.
Nd5+ Kf8 15. Qh5 Kg8 16. Bh3 Nf4 17. Bxf4 exf4 18. O-O-O Bxh3 19. Qxh3 Rxe4
20. Rhg1 Ne5 21. Qf5 Rc4 22. b3 Rc5 23. Qxf4 Rac8 24. Rd2 Rxc2+ 25. Kb1
Rxd2 26. Qxd2 Nf3 27. Qe3 Nxg1 28. Ne7+ Kf8 29. Nxc8 Qxc8 30. f4 Qf5+ 31.
Kb2 Qc5 { White resigns } 0-1

[Event "ICC tourney 2500 (45 10)"]
[Site "Internet Chess Club"]
[Date "2021.04.10"]
[Round "1"]
[White "VISHWA, SUSHEEL:sushivishwa"]
[Black "SAHNI, HARTEJ:hartej"]
[Result "1-0"]
[ICCResult "Black resigns"]
[WhiteElo "1738"]
[BlackElo "1527"]
[Opening "Sicilian: Grand Prix attack"]
[ECO "B23"]
[NIC "SI.44"]
[Time "11:02:18"]
[PlyCount "123"]
[TimeControl "2700+10"]

1. e4 c5 2. Nc3 Nc6 3. f4 d6 4. Nf3 Bg4 5. Bc4 e6 6. h3 Bxf3 7. Qxf3 Nd4 8.
Qd1 a6 9. O-O Be7 10. a4 Nf6 11. d3 O-O 12. e5 Nd7 13. exd6 Bxd6 14. Ne4
Nf6 15. c3 Nc6 16. Be3 Nxe4 17. dxe4 Be7 18. Qg4 Na5 19. Ba2 Rc8 20. Rad1
Qc7 21. Rf3 Kh8 22. Rg3 g6 23. h4 h5 24. Qh3 Rcd8 25. Rf1 Bd6 26. Rgf3 c4
27. f5 exf5 28. exf5 Bc5 29. Bxc5 Qxc5+ 30. Kh1 Qe7 31. Qg3 Nb3 32. Bxb3
cxb3 33. f6 Qc5 34. Rf5 Rd5 35. Rg5 Rxg5 36. hxg5 Rd8 37. Re1 Kg8 38. Qf4
Qc6 39. Re4 Re8 40. Re7 Qc8 41. Rc7 Qb8 42. Qc4 Rf8 43. Qc5 Qe8 44. Qd4 b5
45. a5 Qe6 46. Re7 Qf5 47. Qe3 Qc8 48. Qe5 Qd8 49. Qc7 Qd1+ 50. Kh2 Qd2 51.
Qe5 Qd8 52. Rc7 Re8 53. Qc5 Qb8 54. Kg1 Qd8 55. Re7 Qd1+ 56. Kh2 Qd8 57.
Rxe8+ Qxe8 58. Qd5 Qe1 59. Qd8+ Kh7 60. Qe7 Qh4+ 61. Kg1 Qc4 62. Qf8 {
Black resigns } 1-0

[Event "ICC tourney 2500 (45 10)"]
[Site "Internet Chess Club"]
[Date "2021.04.10"]
[Round "1"]
[White "WANG, CHLOE HEATHER:kittycat35"]
[Black "WANG, TED:tedwpnw"]
[Result "1-0"]
[ICCResult "Black checkmated"]
[WhiteElo "1697"]
[BlackElo "1482"]
[Opening "Sicilian: Pelikan, Chelyabinsk variation"]
[ECO "B33"]
[NIC "SI.37"]
[Time "11:02:26"]
[PlyCount "87"]
[TimeControl "2700+10"]

1. e4 c5 2. Nf3 Nc6 3. d4 cxd4 4. Nxd4 Nf6 5. Nc3 e5 6. Ndb5 d6 7. Bg5 a6
8. Na3 b5 9. Nd5 Be7 10. Bxf6 Bxf6 11. c3 O-O 12. Be2 Bg5 13. O-O f5 14.
exf5 Bxf5 15. c4 b4 16. Nc2 Bxc2 17. Qxc2 Nd4 18. Qd1 a5 19. Bd3 Re8 20.
Be4 Rc8 21. b3 Bf6 22. Qh5 g6 23. Qg4 Bg7 24. h4 Ne6 25. Ne3 Kh8 26. Bd5
Nd4 27. h5 Rf8 28. g3 Qf6 29. Kg2 gxh5 30. Qxh5 Rce8 31. Be4 h6 32. Ng4 Qg5
33. Rh1 Qd2 34. Qg6 Rf5 35. Bxf5 Nxf5 36. Qxe8+ Kh7 37. Qd7 Qd3 38. Rae1
Qc2 39. Nf6+ Kg6 40. Ne4 Qd3 41. Qe6+ Kh7 42. Ng5+ Kh8 43. Qe8+ Bf8 44.
Qxf8# { Black checkmated } 1-0

[Event "ICC tourney 2500 (45 10)"]
[Site "Internet Chess Club"]
[Date "2021.04.10"]
[Round "1"]
[White "SULTAN, BASHIR Cisse:muzikmixer"]
[Black "BULLEIGH, ADAM LEE:AlekhinesGunn"]
[Result "0-1"]
[ICCResult "White resigns"]
[WhiteElo "1526"]
[BlackElo "1734"]
[Opening "King's Indian: Andersson variation"]
[ECO "E92"]
[NIC "KI.18"]
[Time "11:02:20"]
[PlyCount "88"]
[TimeControl "2700+10"]

1. c4 Nf6 2. Nc3 g6 3. e4 d6 4. d4 Bg7 5. Nf3 O-O 6. Be2 e5 7. dxe5 dxe5 8.
Qxd8 Rxd8 9. Bg5 Re8 10. Nd5 Nxd5 11. cxd5 c6 12. Bc4 cxd5 13. Bxd5 Nc6 14.
Bxc6 bxc6 15. Rc1 Bb7 16. Nd2 h6 17. Be3 f5 18. f3 Red8 19. Nb3 a5 20. Nc5
Bc8 21. Ke2 Rb8 22. b3 fxe4 23. fxe4 Bg4+ 24. Ke1 Bf8 25. h3 Bc8 26. Rd1
Rxd1+ 27. Kxd1 Rb5 28. Na4 Rb4 29. Nc3 Ba6 30. Kc2 Kf7 31. Rd1 Rb7 32. Rd8
Bf1 33. Rd2 Ke6 34. Na4 Rd7 35. Rxd7 Kxd7 36. Nb6+ Ke6 37. Nc4 Bxg2 38.
Nxa5 Bxe4+ 39. Kc3 g5 40. b4 Kf5 41. Nb3 h5 42. Nc5 Bxc5 43. Bxc5 Bg2 44.
a4 Bxh3 { White resigns } 0-1

[Event "ICC tourney 2500 (45 10)"]
[Site "Internet Chess Club"]
[Date "2021.04.10"]
[Round "1"]
[White "Sun, Ethan:ethansun188"]
[Black "MOSS, MARVIN:mmoss2932"]
[Result "1-0"]
[ICCResult "Black resigns"]
[WhiteElo "1456"]
[BlackElo "1688"]
[Opening "English opening"]
[ECO "A13"]
[NIC "EO.64"]
[Time "11:02:24"]
[PlyCount "119"]
[TimeControl "2700+10"]

1. c4 e6 2. Nc3 d5 3. cxd5 exd5 4. Nf3 Nf6 5. e3 Be7 6. Be2 O-O 7. O-O c6
8. b3 Nbd7 9. Bb2 Re8 10. d4 Bd6 11. Bd3 Ne4 12. Qc2 f5 13. a4 Qf6 14. Ba3
Bxa3 15. Rxa3 Qd6 16. Raa1 Ndf6 17. h3 Bd7 18. Rfe1 Rad8 19. Ne5 Nxc3 20.
Qxc3 Ne4 21. Bxe4 fxe4 22. Rec1 Qf6 23. b4 Rf8 24. Rc2 Qg5 25. Kh2 Qh4 26.
Raa2 g5 27. Kg1 g4 28. hxg4 Bxg4 29. Nxg4 Qxg4 30. Qe1 Rd6 31. Qe2 Qg5 32.
g3 Rf3 33. Qf1 Rh6 34. Qg2 Qe7 35. b5 Qb4 36. Rc1 Qb3 37. Raa1 Rhf6 38.
bxc6 bxc6 39. Rab1 Qxa4 40. Rb8+ Kg7 41. Rcb1 Rf7 42. Qh3 R3f6 43. R8b7 Qa6
44. Qg4+ Kh8 45. Qc8+ Rf8 46. Rxh7+ Kxh7 47. Qxa6 Rxf2 48. Rb7+ R8f7 49.
Qxa7 Rf1+ 50. Kg2 Rf2+ 51. Kh3 Kg6 52. Rxf7 Rxf7 53. Qb6 Rf6 54. Kg4 Kh6
55. Qc7 Kg6 56. Qe5 Kf7 57. Kh5 Re6 58. Qc7+ Ke8 59. g4 c5 60. Qxc5 { Black
resigns } 1-0

[Event "ICC tourney 2500 (45 10)"]
[Site "Internet Chess Club"]
[Date "2021.04.10"]
[Round "1"]
[White "HUSSAIN, FARAZ:ExceptionalFork"]
[Black "TIONG, RACHAEL:rachael1120"]
[Result "1-0"]
[ICCResult "Black resigns"]
[WhiteElo "1313"]
[BlackElo "1631"]
[Opening "Sicilian: accelerated fianchetto, modern variation"]
[ECO "B34"]
[NIC "SI.33"]
[Time "11:02:13"]
[PlyCount "111"]
[TimeControl "2700+10"]

1. e4 c5 2. Nf3 Nc6 3. d4 cxd4 4. Nxd4 g6 5. Nc3 Bg7 6. Be3 Nf6 7. Nxc6
bxc6 8. Bc4 d6 9. Qd2 Ng4 10. f3 Nxe3 11. Qxe3 O-O 12. O-O-O Qa5 13. h4 h5
14. Qg5 Qxg5+ 15. hxg5 Be5 16. Ne2 Rb8 17. c3 Rb6 18. f4 Bg7 19. Ng3 Bg4
20. Rde1 Rfb8 21. Bb3 Be6 22. Bxe6 fxe6 23. Re2 Rf8 24. Rh4 Rb5 25. Rc2
Rfb8 26. f5 exf5 27. exf5 Ra5 28. fxg6 Rxg5 29. Nxh5 Rxg6 30. Nxg7 Kxg7 31.
b4 Rf8 32. Re2 e5 33. a4 Rf1+ 34. Kc2 Rg1 35. Rh2 Ra1 36. Kb3 a6 37. Kb2
Rxa4 38. Rh1 c5 39. Kb3 cxb4 40. Kxa4 bxc3 41. Rc2 Rg3 42. Rd1 Rg4+ 43. Kb3
Rg6 44. Rxc3 Kf7 45. Rc6 Ke7 46. Rxa6 Re6 47. Ra7+ Kf6 48. Rd7 Kf5 49.
R7xd6 Re7 50. Kc3 Kf4 51. Rf1+ Kg3 52. Rg6+ Kh2 53. Kd3 e4+ 54. Ke3 Rg7 55.
Rh1+ Kxh1 56. Rxg7 { Black resigns } 1-0